 Dungeon Crawl Stone Soup version 0.14-a0-1761-gdbd231b (webtiles) character file.

155 HollowCharge the Ruinous (level 4, -2/33 HPs)
             Began as a Demigod Conjurer on Jan 4, 2014.
             Slain by a gnoll
             ... wielding a +0,+0 halberd
              (10 damage)
             ... on Level 2 of the Dungeon.
             The game lasted 00:17:58 (2149 turns).

HollowCharge the Ruinous (Demigod Conjurer)         Turns: 2149, Time: 00:17:59

HP  -2/33        AC  7     Str 12      XL: 4   Next:  5%
MP   1/11        EV 11     Int 21      God:
Gold 69          SH  8     Dex 16      Spells:  3 memorised,  2 levels left

rFire  . . .     SeeInvis .     h - +1,+2 mace (crush)
rCold  + . .     Clarity  .     B - +2 robe
rNeg   . . .     Conserve .     x - +1 buckler {rC+}
rPois  .         rCorr    .     (no helmet)
rElec  .         rRot     .     u - +0 cloak
SustAb . .       Spirit   .     j - +1 pair of dwarf gloves
rMut   .         Warding  .     (no boots)
Saprov . . .     Stasis   .     (no amulet)
                                (no ring)
                                (no ring)

@: slightly resistant to hostile enchantments, fairly stealthy
A: no striking features
a: no special abilities


You were on level 2 of the Dungeon.
You were hungry.

You visited 1 branch of the dungeon, and saw 2 of its levels.

You collected 69 gold pieces.

Inventory:

Hand weapons
 h - a +1,+2 mace of crushing (weapon)
Armour
 j - a +1 pair of dwarven gloves (worn)
 m - a +2 ring mail
 u - a +0 cloak (worn)
 x - a +1 buckler of cold resistance (worn)
 B - a +2 robe (worn)
Comestibles
 b - 3 bread rations
 w - a meat ration
 A - a chunk of quokka flesh
Scrolls
 a - a scroll of fog {unknown}
 d - a scroll of fear {unknown}
 e - a scroll of curse armour {unknown}
 i - a scroll of enchant weapon I {unknown}
 k - 2 scrolls of teleportation {unknown}
 n - a scroll of recharging {unknown}
 q - 4 scrolls of identify {unknown}
 r - a scroll of enchant weapon II {unknown}
 s - a scroll of blinking {unknown}
 y - a scroll of enchant armour {unknown}
Jewellery
 t - a cursed ring of hunger {unknown}
Potions
 f - a potion of agility {unknown}
 g - 3 potions of curing {unknown}
 l - a potion of heal wounds {unknown}
 o - 3 potions of porridge
 v - a potion of speed {unknown}
Books
 c - a book of Conjurations

   Spells                             Type                      Level
   *Magic Dart                        Conjuration                  1
   *Searing Ray                       Conjuration                  2
   *Dazzling Spray                    Conjuration/Hexes            3
   Iskenderun's Mystic Blast          Conjuration                  4
   Iskenderun's Battlesphere          Conjuration/Charms           4
   Fulminant Prism                    Conjuration/Hexes            5


   Skills:
 - Level 2.0 Dodging
 - Level 1.7 Stealth
 * Level 2.8 Spellcasting
 + Level 4.5 Conjurations


You had 2 spell levels left.
You knew the following spells:

 Your Spells              Type           Power        Failure   Level  Hunger
a - Magic Dart            Conj           ###.         2%          1    None
b - Searing Ray           Conj           ###...       4%          2    ##.....
c - Dazzling Spray        Conj/Hex       ##......     24%         3    ###....


Dungeon Overview and Level Annotations

Branches:
Dungeon (2/16)


Message History

You are feeling hungry.
Casting: Searing Ray
Confirm with . or Enter, or press ? or * to list all spells.
Aiming: Searing Ray
Press: ? - help, Shift-Dir - straight line, f - gnoll
Aim: a gnoll (moderately wounded)
The searing ray hits the gnoll.
The gnoll is severely wounded.
You block the gnoll's attack.
Without enough magic to sustain it, your searing ray dissipates.
The gnoll hits you but does no damage.
You fall through a shaft!
The shaft crumbles and collapses.
The gnoll shouts!
The gnoll throws a stone.
The stone misses you.
The stone hits the gnoll.
The gnoll hits you with a halberd.
* * * LOW HITPOINT WARNING * * *
The gnoll throws a stone.
You block the stone.
The gnoll hits you from afar with a halberd!
You die...

#g.## #.).g......# #.# ..##
#.##.#...### #.### ###
#.##....###### #...# ######
#............# ###.#
.....#######.........######'#####
.......ggg##.(..........#...(...#
.....## #.?#.........##.#.......'
.....# #...........##.'.......#
.....# ###g...@g...####.......#
.....# #.gg......# ####'####
.....# ##.######## #.## ######
#.# #..# #.# ##.# #.# ###'### . .
#...... . ### +...... ......".#
#......


You could see 4 gnolls.

Vanquished Creatures
  Jessica (D:2)
  2 adders (D:2)
  A gnoll (D:2)
  A giant gecko (D:2)
  An ooze (D:1)
  A giant cockroach (D:1)
  3 goblins (D:1)
  5 hobgoblins
  2 quokkas (D:2)
  6 bats
  4 giant newts
  9 kobolds
  5 rats
41 creatures vanquished.

Notes
Turn   | Place    | Note
--------------------------------------------------------------
     0 | D:1      | HollowCharge, the Demigod Conjurer, began the quest for the Orb.
     0 | D:1      | Reached XP level 1. HP: 14/14 MP: 3/3
   765 | D:1      | Reached skill level 4 in Conjurations
   765 | D:1      | Reached XP level 2. HP: 20/20 MP: 4/4
  1509 | D:2      | Reached XP level 3. HP: 26/26 MP: 5/8
  1513 | D:2      | Learned a level 2 spell: Searing Ray
  1517 | D:2      | Learned a level 3 spell: Dazzling Spray
  1877 | D:2      | Found a sparkling altar of Nemelex Xobeh.
  1982 | D:2      | Noticed Jessica
  1990 | D:2      | Killed Jessica
  2093 | D:2      | Reached XP level 4. HP: 33/33 MP: 4/11
  2149 | D:1      | You fall through a shaft!
  2149 | D:2      | Slain by a gnoll

Action                   |  1- 3 |  4- 6 || total
-------------------------+-------+-------++-------
Melee: Mace              |    53 |       ||    53
       Unarmed           |     9 |       ||     9
 Cast: Magic Dart        |    22 |     1 ||    23
       Searing Ray       |     6 |     3 ||     9
 Stab: Sleeping          |     2 |       ||     2
